 Dungeon Crawl Stone Soup version 0.27.0-1-g7a089689b8 (webtiles) character file.

Game seed: 16552534260845258545

65055 ZARRMARR the Blocker (level 14, -8/190 HPs)
             Began as a Minotaur Fighter on Aug 11, 2021.
             Was a High Priest of Trog.
             Mangled by a sun demon (11 damage)
             ... on level 6 of the Lair of Beasts on Aug 12, 2021.
             The game lasted 02:43:56 (23556 turns).

ZARRMARR the Blocker (Minotaur Fighter)            Turns: 23556, Time: 02:43:56

Health: -8/190     AC: 27    Str: 30    XL:     14   Next: 74%
Magic:  13/13      EV:  2    Int:  5    God:    Trog [*****.]
Gold:   1483       SH:  0    Dex: 12    Spells: 13/13 levels left

rFire    . . .     SeeInvis .   F - +1 lajatang "Acunne" {freeze, Will++ Stlth+}
rCold    . . .     Faith    .   (shield currently unavailable)
rNeg     + + +     Spirit   .   (armour currently unavailable)
rPois    +         Reflect  .   (helmet currently unavailable)
rElec    .         Harm     .   (cloak currently unavailable)
rCorr    .         Rampage  .   (gloves currently unavailable)
Will     +++..     NoTele   +   (boots currently unavailable)
Stlth    +++.......             B - amulet of regeneration
HPRegen  1.41/turn              L - +6 ring of strength
MPRegen  0.13/turn              D - ring of poison resistance

@: tree-form, on berserk cooldown, slowed, studying Shields, very slow
A: stationary, stasis, torment immunity, boosted hp, (horns 2), (retaliatory
headbutt)
a: Renounce Religion, Berserk, Trog's Hand, Brothers in Arms


You were on level 6 of the Lair of Beasts.
You worshipped Trog.
Trog was extremely pleased with you.
You were a tree.
You visited 3 branches of the dungeon, and saw 21 of its levels.

You collected 1483 gold pieces.

Inventory:

Hand Weapons
 d - a +5 flail
 o - a +6 hand axe of flaming
 F - the +1 lajatang "Acunne" (weapon) {freeze, Will++ Stlth+}
   (You took it off a wight on level 10 of the Dungeon)

   It freezes those it strikes, dealing additional cold damage.
   It can also slow down cold-blooded creatures.
   Will:      It greatly increases your willpower.
   Stlth:     It makes you more stealthy.
 T - a +3 broad axe of flaming
Missiles
 f - 544 stones (quivered)
 t - 5 silver javelins
 x - 60 poisoned darts
 E - a throwing net
 Q - 3 boomerangs
Armour
 b - a +3 leather armour of poison resistance
 c - a +0 kite shield
 e - a +0 pair of gloves (melded)
 n - a +4 ring mail (melded)
 v - a +0 cloak (melded)
 A - a +0 pair of boots (melded)
 G - a +3 troll leather armour
 P - a +2 hat of stealth (melded)
Jewellery
 m - a ring of resist corrosion
 B - an amulet of regeneration (around neck)
 D - a ring of poison resistance (right branch)
 L - a +6 ring of strength (left branch)
Wands
 q - a wand of flame (72)
 w - a wand of digging (18)
 M - a wand of iceblast (11)
 N - a wand of polymorph (11)
 R - a wand of acid (20)
Scrolls
 a - 2 scrolls of magic mapping
 k - 6 scrolls of teleportation
 l - 3 scrolls of fog
 y - 2 scrolls of immolation
 K - a scroll of torment
 U - a scroll of holy word {unknown}
Potions
 h - 2 potions of berserk rage {unknown}
 i - 5 potions of flight {unknown}
 j - a potion of haste {unknown}
 p - a potion of magic {unknown}
 r - 2 potions of ambrosia {unknown}
 s - 5 potions of degeneration {unknown}
 u - 2 potions of heal wounds {unknown}
 z - 4 potions of invisibility {unknown}
 C - 2 potions of mutation {unknown}
 H - 2 potions of might
 I - 3 potions of lignification
 J - 7 potions of curing
 O - a potion of attraction {unknown}
 V - 2 potions of brilliance {unknown}
Miscellaneous
 S - a piece from Xom's chessboard (15/15)


   Skills:
 + Level 12.4 Fighting
 + Level 14.3(14.5) Axes
 - Level 3.7(10.9) Maces & Flails
 - Level 6.2(6.7) Staves
 + Level 11.7 Throwing
 + Level 11.3 Armour
 + Level 8.8 Dodging
 + Level 4.0 Stealth
 + Level 14.8 Shields
 + Level 1.3 Evocations


You had 13 spell levels left.
You didn't know any spells.
Your spell library contained the following spells:

 Spells                   Type           Power      Damage    Failure   Level
 Beastly Appendage        Tmut           0%         N/A       47%         1
 Foxfire                  Conj/Fire      0%         2x1d4     47%         1
 Summon Small Mammal      Summ           0%         N/A       47%         1
 Corpse Rot               Necr/Air       N/A        N/A       63%         2
 Ensorcelled Hibernation  Hex/Ice        0%         N/A       63%         2
 Poisonous Vapours        Pois/Air       0%         N/A       63%         2
 Wereblood                Tmut           0%         N/A       63%         2
 Call Canine Familiar     Summ           0%         N/A       85%         3
 Conjure Flame            Conj/Fire      0%         6-21      85%         3
 Dazzling Flash           Conj/Hex       0%         N/A       85%         3
 Inner Flame              Hex/Fire       0%         N/A       85%         3
 Ozocubu's Armour         Ice            0%         N/A       85%         3
 Spider Form              Tmut/Pois      0%         N/A       85%         3
 Summon Guardian Golem    Hex/Summ       0%         N/A       85%         3
 Airstrike                Air            0%         N/A       99%         4
 Dispel Undead            Necr           0%         3d6       99%         4
 Iskenderun's Mystic Bla  Conj/Tloc      0%         2d3       99%         4
 Summon Lightning Spire   Summ/Air       0%         N/A       99%         4
 Freezing Cloud           Conj/Ice/Air   0%         6-21      100%        5
 Lightning Bolt           Conj/Air       0%         1d11      100%        5
 Death Channel            Necr           0%         N/A       100%        6
 Shadow Creatures         Summ           N/A        N/A       100%        6
 Starburst                Conj/Fire      0%         8x6d3     100%        6
 Malign Gateway           Summ/Tloc      0%         N/A       100%        7
 Ozocubu's Refrigeration  Ice            0%         4d5       100%        7
 Summon Horrible Things   Summ           0%         N/A       100%        8
 Death's Door             Necr           0%         N/A       100%        9


Dungeon Overview and Level Annotations

Branches:
Dungeon (14/15)            Temple (1/1) D:5            Lair (6/6) D:11
 Shoals (0/4) Lair:2       Spider (0/4) Lair:2        Slime (0/5) Lair:5
    Orc (0/2) D:11
 Vaults: D:13-14

Altars:
Ashenzari
Cheibriados
Dithmenos
Elyvilon
Fedhas
Gozag
Hepliaklqana
Kikubaaqudgha
Makhleb
Nemelex Xobeh
Okawaru
Qazlal
Ru
Sif Muna
Trog
Uskayaw
Vehumet
Wu Jian
Xom
Yredelemnul
Zin
The Shining One
Jiyva

Shops:
D:4 [   D:11 (

Annotations:
D:11 2 transporters, Yphutt's ghost, journeyman GnSk
Lair:5 1 runed translucent door, Qegirch's ghost, journeyman GrBe


Innate Abilities, Weirdness & Mutations

You are a tree.
Your roots penetrate the ground, keeping you stationary.
You cannot be teleported.
You are immune to unholy pain and torment.
Your maximum health is greatly increased.
Your equipment is partially melded.
((You have a pair of horns on your head.))
((You reflexively headbutt those who attack you in melee.))


Message History

Your deep troll bites the orange demon!
The orange demon dies!
Trog accepts your kill.
The sun demon hits you but does no damage.
The ice devil hits your deep troll! The ice devil freezes your deep troll!!
Your deep troll closely misses the ice devil.
Your deep troll misses the ice devil.
Your deep troll claws the ice devil!
The orange demon stings you but does no damage.
The sun demon hits you but does no damage.
You slash the sun demon! You freeze the sun demon!
The sun demon is almost dead.
Your deep troll bites the ice devil but does no damage.
Your deep troll closely misses the ice devil.
Your deep troll claws the ice devil.
The ice devil hits your deep troll but does no damage.
The orange demon completely misses your deep troll.
The orange demon misses your deep troll.
The sun demon hits you.
* * * LOW HITPOINT WARNING * * *
You are engulfed in flames!!
* * * LOW HITPOINT WARNING * * *
The orange demon stings you from afar.
* * * LOW HITPOINT WARNING * * *
Your deep troll bites the ice devil.
Your deep troll barely misses the ice devil.
Your deep troll misses the ice devil.
The ice devil hits your deep troll. The ice devil freezes your deep troll!!
The orange demon stings your deep troll.
Your deep troll dies!
Your deep troll's corpse disappears in a puff of smoke!
The sun demon hits you but does no damage.
The orange demon stings you but does no damage.
Okay, then.
Aiming: Iceblast
Press: ? - help, Shift-Dir - straight line
Okay, then.
It was a potion of curing.
You feel better. The sun demon hits you!!
* * * LOW HITPOINT WARNING * * *
You are engulfed in flames!
You die...

♣♣♣..♣♣..♣♣♣ ♣♣♣..♣♣♣♣♣...♣♣
♣♣ ♣♣.†♣♣♣ ♣♣...♣♣♣♣ ♣♣♣♣.
♣♣..♣♣ ♣♣♣....♣♣♣...♣ ♣....♣
♣♣♣†......♣♣ #######''######
♣♣♣.♣♣.♣♣
#.............#########'♣♣♣♣♣
#....8....8...#........#
#.............♣...8.8..
###############3.8.#...
≈≈........#4§.8.#..
.....4...†#44#.8...
....._44(†4h..#.8..
≈.....h4..#).8.8...
≈§≈≈§...4.#........
§≈≈≈≈§≈############ ≈≈≈§§≈≈


You could see a sun demon, 2 orange demons, an ice devil and a hell hound.

Vanquished Creatures
  Gastronok (Lair:2)
  8 hydras
  3 catoblepae
  2 centaur warriors
  Erica (Lair:2)
  8 two-headed ogres
  12 death yaks
  A wizard (Lair:6)
  A deep elf pyromancer (D:13)
  2 oklob plants (Lair:3)
  3 cyclopes
  7 elephants (Lair:5)
  2 black mambas
  A smoke demon (Lair:6)
  7 torpor snails
  3 unseen horrors
  14 cane toads
  5 rime drakes
  Psyche (D:12)
  A gargoyle (D:10)
  A kobold demonologist (D:9)
  6 komodo dragons
  An efreet (D:9)
  An ice devil (Lair:6)
  A troll (D:11)
  A hornet (shapeshifter) (D:13)
  3 meliai (D:9)
  2 polar bears
  Grinder (D:4)
  A hornet (D:9)
  10 dream sheep
  8 blink frogs
  3 slime creatures (D:13)
  Prince Ribbit (Lair:2)
  4 shadows
  2 wraiths
  24 yaks
  Eustachio (D:4)
  3 steam dragons
  3 basilisks
  2 wyverns
  7 vampire mosquitoes
  2 acid dragons
  2 hell hounds (Lair:6)
  17 water moccasins
  Duvessa (D:4)
  6 orc warriors
  4 black bears
  3 sky beasts
  5 ogres
  4 necrophages
  15 wolves
  15 centaurs
  3 kobold brigands
  A phantom (D:4)
  Blork the orc (D:6)
  14 bullfrogs
  Dowan (D:4)
  2 gnoll sergeants
  2 scorpions (D:11)
  A water moccasin skeleton (D:6)
  5 killer bees (D:10)
  16 wights
  3 howler monkeys (D:9)
  8 centaur zombies
  A gnoll shaman (D:8)
  2 hounds
  2 jellies (D:6)
  7 orc priests
  Crazy Yiuf (D:4)
  A bullfrog skeleton (D:5)
  7 orc wizards
  2 iguanas (D:5)
  2 hound skeletons (D:4)
  A mummy (D:10)
  2 howler monkey zombies
  12 gnolls
  5 adders
  2 white imps
  2 ufetubi
  A worm (D:3)
  29 orcs
  9 endoplasms
  6 giant cockroaches
  9 goblins
  7 hobgoblins
  5 jackals
  2 quokkas
  14 ball pythons
  12 bats
  A frilled lizard (D:2)
  26 kobolds
  8 rats
478 creatures vanquished.

Vanquished Creatures (collateral kills)
  An orange demon (Lair:6)
1 creature vanquished.

Vanquished Creatures (others)
  49 fungi
  57 plants
  6 withered plants (D:10)
112 creatures vanquished.

Grand Total: 591 creatures vanquished

Notes
Turn   | Place    | Note
-------+----------+-------------------------------------------
     0 | D:1      | ZARRMARR the Minotaur Fighter began the quest for the Orb.
     0 | D:1      | Reached XP level 1. HP: 19/19 MP: 0/0
   290 | D:1      | Reached XP level 2. HP: 27/27 MP: 1/1
   639 | D:1      | Reached XP level 3. HP: 30/33 MP: 2/2
  1281 | D:2      | Reached skill level 1 in Throwing
  2005 | D:2      | Reached XP level 4. HP: 39/40 MP: 3/3
  2019 | D:2      | Found a faded altar of an unknown god.
  2938 | D:3      | Found a stormy altar of Qazlal.
  3596 | D:4      | Noticed Duvessa
  3596 | D:4      | Noticed Dowan
  3793 | D:4      | Found an opulent altar of Gozag.
  4032 | D:4      | Reached XP level 5. HP: 46/46 MP: 4/4
  4489 | D:4      | Noticed an ogre
  4489 | D:4      | Noticed Grinder
  4495 | D:5      | Entered Level 5 of the Dungeon
  4569 | D:5      | Noticed an ogre
  4588 | D:5      | Killed an ogre
  4589 | D:5      | Reached skill level 1 in Axes
  4589 | D:5      | Reached skill level 5 in Armour
  4737 | D:5      | Reached skill level 1 in Dodging
  4737 | D:5      | Reached XP level 6. HP: 44/53 MP: 5/5
  5245 | D:5      | Found a staircase to the Ecumenical Temple.
  5257 | Temple   | Entered the Ecumenical Temple
  5324 | Temple   | Became a worshipper of Trog the Wrathful
  5457 | D:4      | Killed Grinder
  5458 | D:4      | Reached skill level 5 in Shields
  5458 | D:4      | Reached XP level 7. HP: 38/60 MP: 4/6
  5734 | D:4      | Noticed Eustachio
  5765 | D:4      | Killed Eustachio
  5875 | D:4      | Found Duuskil's Antique Armour Emporium.
  6231 | D:4      | Found a glowing silver altar of Zin.
  6280 | D:4      | Killed Duvessa
  6281 | D:4      | Reached XP level 8. HP: 37/67 MP: 3/7
  6281 | D:4      | Killed Dowan
  6464 | D:4      | Found a runed translucent door.
  6465 | D:4      | Noticed Crazy Yiuf
  6536 | D:4      | Killed Crazy Yiuf
  6677 | D:4      | Reached skill level 5 in Axes
  6831 | D:6      | Reached skill level 5 in Fighting
  6979 | D:6      | Reached * piety under Trog
  7067 | D:6      | Noticed a two-headed ogre
  7083 | D:6      | Killed a two-headed ogre
  7084 | D:6      | Reached skill level 1 in Stealth
  7084 | D:6      | Reached XP level 9. HP: 50/75 MP: 8/8
  7503 | D:6      | Noticed Blork the orc
  7513 | D:6      | Killed Blork the orc
  7514 | D:6      | Reached skill level 5 in Throwing
  7570 | D:6      | Found a sparkling altar of Nemelex Xobeh.
  8117 | D:7      | Reached ** piety under Trog
  8378 | D:7      | Found a shadowy altar of Dithmenos.
  8379 | D:7      | Found a hazy altar of Hepliaklqana.
  9038 | D:8      | Reached XP level 10. HP: 78/83 MP: 9/9
  9099 | D:8      | Found a white marble altar of Elyvilon.
  9106 | D:8      | Got Kafuru's Papyrus of the Sinister Arsonist
  9130 | D:8      | Found a sacrificial altar of Ru.
  9132 | D:8      | Found a hide-covered altar of Uskayaw.
 10118 | D:9      | Noticed a two-headed ogre
 10126 | D:9      | Killed a two-headed ogre
 10338 | D:9      | Found a shimmering altar of Xom.
 10587 | D:10     | Entered Level 10 of the Dungeon
 10624 | D:10     | Reached skill level 5 in Dodging
 10888 | D:10     | Noticed a two-headed ogre
 10896 | D:10     | Killed a two-headed ogre
 10897 | D:10     | Reached skill level 10 in Axes
 10985 | D:10     | Identified the +1 lajatang "Acunne" {freeze, Will++ Stlth+}
 11006 | D:10     | Noticed an orange demon
 11008 | D:10     | Reached XP level 11. HP: 88/91 MP: 10/10
 11009 | D:10     | Noticed a soul eater
 11140 | D:9      | Reached skill level 1 in Staves
 11146 | D:10     | Reached *** piety under Trog
 11376 | D:10     | Noticed a six-headed hydra
 11391 | D:9      | Killed a four-headed hydra
 12081 | D:10     | Noticed a two-headed ogre
 12092 | D:10     | Killed a two-headed ogre
 12093 | D:10     | Reached skill level 5 in Staves
 12259 | D:10     | Reached **** piety under Trog
 12551 | D:10     | Reached skill level 10 in Shields
 12634 | D:10     | Found an iron altar of Okawaru.
 12634 | D:10     | Found a radiant altar of Vehumet.
 12971 | D:11     | Noticed a catoblepas
 12985 | D:11     | Killed a catoblepas
 13041 | D:11     | Found a transporter.
 13044 | D:11     | Noticed a five-headed hydra
 13046 | D:11     | Noticed Yphutt's ghost (journeyman GnSk)
 13120 | D:11     | Found a transporter.
 13123 | D:11     | Found Caajagge's Antique Weapon Emporium.
 13459 | D:11     | Found a staircase to the Lair.
 13503 | D:11     | Reached XP level 12. HP: 103/103 MP: 11/11
 13545 | D:11     | Noticed a centaur warrior
 13547 | D:11     | Noticed a two-headed ogre
 13553 | D:11     | Killed a two-headed ogre
 13600 | D:11     | Killed a centaur warrior
 14203 | D:11     | Found a staircase to the Orcish Mines.
 14425 | D:12     | Noticed Psyche
 14453 | D:12     | Killed Psyche
 14549 | D:12     | Noticed a two-headed ogre
 14561 | D:12     | Killed a two-headed ogre
 14844 | D:12     | Found a radiant altar of Vehumet.
 14920 | D:12     | Noticed a two-headed ogre
 14932 | D:12     | Killed a two-headed ogre
 15017 | D:12     | Reached ***** piety under Trog
 15166 | D:12     | Identified a scroll of acquirement
 15167 | D:12     | Acquired a manual of Shields
 16143 | D:13     | Noticed a two-headed ogre
 16174 | D:12     | Killed a two-headed ogre
 16560 | D:13     | Noticed a centaur warrior
 16570 | D:13     | Killed a centaur warrior
 16571 | D:13     | Reached skill level 10 in Armour
 17035 | Lair:1   | Entered Level 1 of the Lair of Beasts
 17123 | Lair:1   | Noticed an eight-headed hydra
 17130 | Lair:1   | Killed a five-headed hydra
 17131 | Lair:1   | Reached skill level 10 in Fighting
 17557 | Lair:1   | Noticed a four-headed hydra
 17562 | Lair:1   | Reached XP level 13. HP: 113/113 MP: 12/12
 18308 | Lair:2   | Found a hole to the Spider Nest.
 18332 | Lair:2   | Noticed Erica
 18345 | Lair:2   | Killed Erica
 18361 | Lair:2   | Reached skill level 10 in Throwing
 18373 | Lair:2   | Noticed Prince Ribbit
 18385 | Lair:2   | Killed Prince Ribbit
 18421 | Lair:2   | Found a staircase to the Shoals.
 18791 | Lair:2   | Noticed Gastronok
 18809 | Lair:2   | Killed Gastronok
 18994 | Lair:2   | Received a gift from Trog
 20983 | Lair:4   | You fall into a shaft and drop 2 floors!
 20983 | Lair:6   | Entered Level 6 of the Lair of Beasts
 21183 | Lair:5   | Reached skill level 1 in Evocations
 21242 | Lair:5   | Found a snail-covered altar of Cheibriados.
 21254 | Lair:5   | Reached XP level 14. HP: 112/124 MP: 13/13
 21561 | Lair:5   | Found a runed translucent door.
 21562 | Lair:5   | Noticed Qegirch's ghost (journeyman GrBe)
 21571 | Lair:5   | Found a viscous altar of Jiyva.
 21571 | Lair:5   | Found a staircase to the Slime Pits.
 22187 | Lair:5   | Received a gift from Trog
 23448 | Lair:6   | Found a burning altar of Makhleb.
 23555 | Lair:6   | HP: 7/190 [orange demon (4)]
 23556 | Lair:6   | HP: 3/190 [sun demon (18)]
 23556 | Lair:6   | Mangled by a sun demon

Illustrated notes

Levels and vault maps discovered:
D:1:      dpeg_arrival_prison, layout_rooms
D:2:      wad_river_or_something, layout_loops_ring,
          shapermc_ecumenical_altar_flowoftime, serial_bayou_lake_a
D:3:      layout_loops_ring, mainiacjoe_overflow_24_doors,
          kennysheep_nondescript
D:4:      layout_cave_pods, pdpol_temple_overflow_zin_treasury_gozag_greed,
          serial_shops, nicolae_shop_crystal, uniq_crazy_yiuf_cottage,
          uniq_eustachio, uniq_grinder, uniq_duvessa
D:5:      layout_cave_pools, minmay_temple_entry_poolview
D:6:      layout_loops_cross, nemelex_xobeh_ov_fountains_minmay,
          grunt_decor_cap, uniq_blork_the_orc
D:7:      kennysheep_steamy, layout_basic, riverfiend_overflow_shadow_ancestor
D:8:      layout_basic, gammafunk_temple_overflow_forgotten
D:9:      layout_stronghold, lemuel_round_altar
D:10:     cheibrodos_fzero, layout_irregular_city,
          gammafunk_temple_overflow_elements, serial_undead, serial_undead_b,
          serial_undead_d, serial_undead_b, serial_undead_b, serial_undead_e
D:11:     layout_irregular_city, grunt_lair_entry_orc_guard_hut, david_orc_4,
          serial_shops, shop, gammafunk_ghost_berserking_beasts,
          lemuel_old_faithful
D:12:     layout_irregular_city, serial_bayou_pond_a, vehumet_crystals,
          uniq_psyche
D:13:     layout_stronghold
D:14:     wad_woods_minihive, layout_irregular_city, grunt_vaults_entry_tiered,
          serial_bayou_pond_a, minivault_12, uniq_jorgrun
Temple:   cyrus_temple_forest
Lair:1:   layout_long_grid, serial_bayou_shore_b, grunt_megastairs_1
Lair:2:   layout_hall_layers, minmay_shoals_entry_centaurs, dummy_spider_entry,
          infiniplex_staircase_pool, uniq_prince_ribbit2, uniq_gastronok,
          uniq_erica
Lair:3:   layout_gridlike, minmay_lair_oklob_chamber
Lair:4:   layout_regular_city, basic_altar, kennysheep_catoblepas_arena,
          lemuel_fruit_tree
Lair:5:   beast_lair_carwin_large_2, layout_concentric_octagons, slime_altar_1,
          ebering_ghost_reflecting_pool, kennysheep_snail_temple
Lair:6:   evil_forest, layout_misc_corridors, ebering_ghost_rock_garden

Skill      XL: |  1  2  3  4  5  6  7  8  9 10 11 12 13 14 |
---------------+-------------------------------------------+-----
Fighting       | 4 5 6 8 10 11 12 | 12.4
Armour         | 4 5 6 8 9 10 11 | 11.3
Maces & Flails | 3 |  3.7
Shields        | 4 5 7 8 9 10 11 13 14 | 14.8
Throwing       | 1 2 3 4 6 7 8 9 10 11 | 11.7
Axes           | 1 3 4 7 8 10 11 12 13 14 | 14.3
Dodging        | 1 2 4 5 6 7 8 |  8.8
Stealth        | 1 2 3 4 |  4.0
Staves         | 5 6 |  6.2
Evocations     | 1 |  1.3

Action                   |  1- 3 |  4- 6 |  7- 9 | 10-12 | 13-15 || total
-------------------------+-------+-------+-------+-------+-------++-------
Melee: Flail             |   122 |    55 |       |       |       ||   177
       Headbutt          |    19 |    17 |    30 |    78 |   139 ||   283
       Hand axe          |       |    50 |   188 |   343 |   363 ||   944
       Lajatang          |       |       |       |    69 |    14 ||    83
       Unarmed           |       |       |       |     1 |       ||     1
       Broad axe         |       |       |       |       |    75 ||    75
Throw: Stone             |   108 |    75 |    67 |    62 |   160 ||   472
       Dart              |       |     3 |    35 |    94 |     1 ||   133
       Throwing net      |       |       |       |     1 |       ||     1
Invok: Berserk           |       |       |    14 |    50 |    36 ||   100
       Brothers in Arms  |       |       |       |       |     1 ||     1
Evoke: Wand              |       |       |     1 |       |     3 ||     4
  Use: Scroll            |     1 |     4 |     8 |     9 |     5 ||    27
       Potion            |       |     4 |       |     1 |     3 ||     8
 Stab: Sleeping          |       |       |       |     1 |     3 ||     4
Armor: Scale mail        |    47 |    35 |    43 |       |       ||   125
       Skin              |       |    15 |       |       |     9 ||    24
       Ring mail         |       |       |    14 |   156 |    90 ||   260
Dodge: Dodged            |    38 |    30 |    41 |   203 |   104 ||   416
Block: Kite shield       |    57 |    58 |    96 |   182 |   146 ||   539
